 Seeded DCSS version 0.30-a0-123-g91d0c66ccf (webtiles) character file.

Game seed: 17246712331252751712 (custom seed)

130816 wilfster70 the Warrior (level 16, -4/132 (146) HPs)
             Began as a Minotaur Fighter on Sept 17, 2022.
             Was the Champion of Ru.
             Slain by a kraken (37 damage)
             ... on level 2 of the Shoals.
             The game lasted 01:04:30 (23922 turns).

wilfster70 the Warrior (Minotaur Fighter)          Turns: 23922, Time: 01:04:31

HP:   -4/132 (146)  AC: 23    Str: 21    XL:     16   Next: 53%
MP:   15/15         EV: 11    Int:  9    God:    Ru [******]
Gold: 2689          SH: 20    Dex: 13    Spells: 15/15 levels left

rFire   + + .      SeeInvis +    a - +7 trident of Extinguishment {vamp, Will+ Dex+6}
rCold   + + +      Faith    .    J - +0 tower shield {reflect}
rNeg    . . .      Spirit   .    m - +0 ice dragon scales
rPois   +          Reflect  +    L - +3 crown of Dyrovepreva {rElec Int+2 SInv}
rElec   +          Harm     .    (no cloak)
rCorr   .          Rampage  .    S - +1 pair of gloves
Will    ++...                    K - +1 pair of boots
Stlth   ..........               t - amulet of Zoileng {rF+++ Regen+ Str-5 Dex-4 Slay+6}
HPRegen 1.12/turn                Q - ring of flight
MPRegen 0.14/turn                l - ring "Ginwashu" {rPois rC+ Will+}

@: flying, studying 2 skills, drained
A: horns 2, frail 1, no stealth, hated by all, no conjurations magic, no hexes
magic, no ice magic, weak-willed 1, disrupted magic 1, retaliatory headbutt
a: Renounce Religion, Draw Out Power, Power Leap, Apocalypse


You were on level 2 of the Shoals.
You worshipped Ru.
Ru was exalted by your worship.
You visited 4 branches of the dungeon, and saw 24 of its levels.
You visited the Abyss 2 times.
You also visited: Sewer, Gauntlet and Ice Cave.

You collected 2983 gold pieces.
You spent 294 gold pieces at shops.

Inventory:

Hand Weapons
 a - the +7 trident of Extinguishment (weapon) {vamp, Will+ Dex+6}
   (You found it on level 5 of the Lair of Beasts)

   It occasionally heals its wielder for a portion of the damage dealt when it
   wounds a living foe.
   Dex:       It affects your dexterity (+6).
   Will:      It increases your willpower.
 b - a +7 demon trident of electrocution
Missiles
 x - 20 poisoned darts
 M - 9 curare-tipped darts (quivered)
 V - 4 atropa-tipped darts
 X - 6 boomerangs of dispersal
Armour
 m - +0 ice dragon scales (worn)
 D - a +3 plate armour of poison resistance
 J - a +0 tower shield of reflection (worn)
 K - a +1 pair of boots (worn)
 L - the +3 crown of Dyrovepreva (worn) {rElec Int+2 SInv}
   (You found it on level 10 of the Dungeon)

   Int:       It affects your intelligence (+2).
   rElec:     It insulates you from electricity.
   SInv:      It lets you see invisible.
 S - a +1 pair of gloves (worn)
Jewellery
 l - the ring "Ginwashu" (right hand) {rPois rC+ Will+}
   (You found it in a Gauntlet)

   [ring of protection from cold]

   rC:        It protects you from cold.
   rPois:     It protects you from poison.
   Will:      It increases your willpower.
 q - the amulet of Beogh's Outrage {+Inv Regen+ rCorr Stlth-}
   (You found it on level 14 of the Dungeon)

   [amulet of regeneration]

   +Inv:      It lets you turn invisible.
   Regen:     It increases your rate of health regeneration.
   rCorr:     It protects you from acid and corrosion.
   Stlth:     It makes you less stealthy.
 s - a +6 ring of strength
 t - the amulet of Zoileng (around neck) {rF+++ Regen+ Str-5 Dex-4 Slay+6}
   (You acquired it in a sewer)

   [amulet of regeneration]

   Str:       It affects your strength (-5).
   Dex:       It affects your dexterity (-4).
   Slay:      It affects your accuracy & damage with ranged weapons and melee
   (+6).
   rF:        It renders you almost immune to fire.
   Regen:     It increases your rate of health regeneration.
 I - the ring "Jahosoff" {rPois EV+4}
   (You found it in a Gauntlet)

   [ring of evasion]

   EV:        It affects your evasion (+4).
   rPois:     It protects you from poison.
 Q - a ring of flight (left hand)
Wands
 f - a wand of polymorph (2)
 r - a wand of roots (4)
 B - a wand of paralysis (9)
 E - a wand of mindburst (2)
 N - a wand of flame (38)
Scrolls
 i - a scroll of blinking
 j - 13 scrolls of teleportation
 k - 5 scrolls of fog
 o - 6 scrolls of poison
 u - 5 scrolls of magic mapping
 y - 7 scrolls of fear
 F - a scroll of silence
 G - 3 scrolls of immolation
 P - 2 scrolls of brand weapon
Potions
 c - 3 potions of brilliance
 d - 3 potions of might
 e - a potion of berserk rage
 g - 5 potions of lignification
 h - 17 potions of curing
 n - 4 potions of cancellation
 p - 3 potions of magic
 v - 4 potions of invisibility
 w - 7 potions of heal wounds
 z - 5 potions of resistance
 A - 5 potions of haste
 C - 8 potions of mutation
 U - 6 potions of ambrosia


   Skills:
 - Level 20.2 Fighting
 - Level 14.0 Polearms
 - Level 8.0 Throwing
 - Level 14.6 Armour
 - Level 8.0 Dodging
 + Level 17.6 Shields
 + Level 8.3 Evocations


You had 15 spell levels left.
You didn't know any spells.
Your spell library contained the following spells:

 Spells                   Type           Power      Damage    Failure   Level
 Apportation              Tloc           0%         N/A       97%         1
 Beastly Appendage        Tmut           0%         N/A       97%         1
 Necrotise                Necr           0%         1d4       97%         1
 Sandblast                Erth           0%         2d4       97%         1
 Blink                    Tloc           0%         N/A       99%         2
 Passwall                 Tmut/Erth      0%         N/A       99%         2
 Wereblood                Tmut           0%         N/A       99%         2
 Kindle Blastsparks       Fire/Tloc/Air  0%         2d10      100%        3
 Lesser Beckoning         Tloc           0%         N/A       100%        3
 Spider Form              Tmut/Pois      0%         N/A       100%        3
 Manifold Assault         Tloc           0%         N/A       100%        4
 Olgreb's Toxic Radiance  Pois           0%         N/A       100%        4
 Blade Hands              Tmut           0%         N/A       100%        5
 Ignition                 Fire           0%         3d3       100%        8
 Foxfire                  Conj/Fire      Unusable   2x1d4     N/A         1
 Summon Small Mammal      Summ           Unusable   N/A       N/A         1
 Inner Flame              Hex/Fire       Unusable   N/A       N/A         3
 Stone Arrow              Conj/Erth      Unusable   3d7       N/A         3
 Animate Armour           Summ/Erth      Unusable   N/A       N/A         4
 Flame Wave               Conj/Fire      Unusable   2d4       N/A         4
 Iron Shot                Conj/Erth      Unusable   9d1       N/A         6
 Ozocubu's Refrigeration  Ice            Unusable   4d7       N/A         7

Dungeon Overview and Level Annotations

Branches:
Dungeon (15/15)            Temple (0/1) D:7            Lair (5/5) D:11
 Shoals (2/4) Lair:3       Spider (0/4) Lair:3        Slime (0/5) Lair:5
    Orc (2/2) D:11            Elf (0/3) Orc:2        Vaults (0/5) D:14
 Depths (0/4) D:15          Sewer (visited)           IceCv (visited)
Gauntlet (visited)

Altars:
Ashenzari
Dithmenos
Elyvilon
Gozag
Kikubaaqudgha
Makhleb
Nemelex Xobeh
Qazlal
Ru
Sif Muna
Trog
Vehumet
Wu Jian
The Shining One

Shops:
D:12 **!(   Orc:2 ([:?

Portals:
Trove: D:10 (give +2 gold dragon scales)

Annotations:
D:3 1 exclusion


Innate Abilities, Weirdness & Mutations

You have a pair of horns on your head.
You are frail. (-10% HP)
You cannot be stealthy.
You are hated by all.
You cannot study or cast Conjurations magic.
You cannot study or cast Hexes magic.
You cannot study or cast Ice magic.
You are slightly weak-willed. (Will-)
Your casting is slightly disrupted.
You reflexively headbutt those who attack you in melee.


Message History

You block the tentacle's attack. The tentacle closely misses you.
You furiously retaliate!
You headbutt the tentacle!
You redirect the kraken's attack!
The kraken misses you. You furiously retaliate!
You headbutt the kraken, but do no damage.
The tentacle is stunned by your conviction and fails to attack.
The tentacle slaps you. You block the tentacle's attack.
You hit the kraken.
You feel better.
The kraken is severely wounded.
The tentacle is stunned by your conviction and fails to attack.
You block the tentacle's attack. x2
The tentacle slaps you but does no damage.
The tentacle slaps you! You block the kraken's attack.
You puncture the kraken!
You feel better.
You headbutt the kraken!!
The kraken is almost dead.
You block the harpy's attack. x2; You block the tentacle's attack.
The tentacle is stunned by your conviction and fails to attack.
The tentacle misses you. You furiously retaliate!
You headbutt the tentacle.
The tentacle slaps you but does no damage.
You block the kraken's attack.
You hit the kraken but do no damage. You headbutt the kraken.
The kraken is almost dead.
The harpy claws you!
* * * LOW HITPOINT WARNING * * *
You block the harpy's attack. You block the tentacle's attack.
The tentacle slaps you.
* * * LOW HITPOINT WARNING * * *
The tentacle slaps you.
* * * LOW HITPOINT WARNING * * *
You block the tentacle's attack.
The kraken squirts a massive cloud of ink into the water!
The tentacle slaps you but does no damage. x2
The tentacle is stunned by your conviction and fails to attack.
The tentacle slaps you but does no damage.
You hit the kraken.
You feel better.
You headbutt the kraken, but do no damage.
The kraken is almost dead.
You redirect the tentacle's attack!
The tentacle slaps the harpy!
The kraken bites you!!!
You die...

≈≈≈≈≈≈~~~~~.....
≈≈≈≈≈≈≈≈≈≈≈≈≈≈~~~~~~.#..
#≈≈≈≈≈≈≈≈≈≈≈≈≈≈~~~~~.##..
#≈≈≈≈≈≈≈≈≈≈≈≈≈≈~~~~~.##..
#≈≈≈≈≈≈≈≈≈≈≈≈≈≈~~~~~.##..
#≈≈≈≈≈≈≈≈≈≈≈≈≈≈~~~^...#..
#≈≈≈≈≈§§§§§≈≈≈≈≈~~~~.....
#≈≈≈≈≈§wXw§≈≈≈≈≈~~~~.....
#≈≈≈≈≈§§@§§≈≈~~≈≈~~~~....
#≈≈≈≈≈§wHw§≈~~~~~~~~~)..≈
#≈≈≈≈≈§§≈§§~~~~~~~~~~..#≈
#≈≈≈≈≈≈≈§§≈~~~..~~~~..###
#≈≈≈≈≈≈≈≈≈≈≈~~..~~~~...##
#≈≈≈≈≈≈≈≈≈≈≈~~~~~≈~~~~~##
#≈≈≈≈≈≈≈≈≈≈≈~~~~~≈~~~~~##
#≈≈≈≈≈≈≈≈≈≈≈≈~~~~~~~~~~##
#≈≈≈≈≈≈≈≈≈≈≈≈≈≈≈≈~~~~.~≈≈


You could see a kraken, 4 tentacles and a harpy.

Vanquished Creatures
  Jorgrun (D:14)
  Rupert (Orc:2)
  Frances (D:13)
  Gastronok (Lair:3)
  A revenant (Abyss:2)
  Louise (Shoals:1)
  An angel (Abyss:1)
  A very ugly thing (Abyss:2)
  A deep elf demonologist (Abyss:2)
  Snorg (Lair:4)
  A fire dragon (D:15)
  A merfolk impaler (Shoals:2)
  Fannar (Lair:3)
  Josephine (D:10)
  9 hydras
  A rakshasa (Abyss:1)
  An ice dragon (D:15)
  6 centaur warriors
  2 vault guards (D:14)
  2 catoblepae
  An alligator snapping turtle (Shoals:2)
  A merfolk avatar (Lair:5)
  5 two-headed ogres
  A death knight (D:14)
  10 boulder beetles
  5 death yaks
  Nergalle (Lair:2)
  A thrashing horror (Abyss:2)
  4 orc high priests (Orc:2)
  2 tengu warriors (D:13)
  Urug (Lair:1)
  2 slime creatures (D:13)
  Sonja (D:12)
  2 wretched stars
  Amaemon (Lair:1)
  A sixfirhy (Abyss:1)
  Lodul (D:12)
  2 flayed ghosts
  A skeletal warrior (D:14)
  2 sea snakes
  6 starcursed masses
  A deep elf pyromancer (D:13)
  4 orc knights
  6 harpies
  An orc sorcerer (Orc:2)
  3 fauns (Shoals:2)
  An oklob plant (D:11)
  5 manticores
  9 ugly things
  15 elephants
  2 merfolk sirens (Shoals:2)
  7 cyclopes
  2 apocalypse crabs
  3 ice statues (IceCv)
  3 gargoyles (D:12)
  Joseph (D:7)
  2 black mambas
  2 torpor snails
  2 water nymphs
  5 smoke demons (Abyss:2)
  An orange demon (Lair:1)
  13 cane toads
  4 kobold demonologists (D:11)
  6 komodo dragons
  Psyche (D:12)
  8 rime drakes
  4 efreet (Abyss:2)
  2 freezing wraiths (D:14)
  An anaconda simulacrum (IceCv)
  5 merfolk
  A queen bee (Lair:2)
  4 polar bears
  4 trolls
  2 hornets
  2 raiju (Abyss:2)
  3 snapping turtles
  2 wind drakes
  6 blink frogs
  12 dream sheep
  A centaur simulacrum (D:15)
  3 flying skulls (Abyss:1)
  2 culicivoras (Lair:3)
  4 jumping spiders (Lair:3)
  A ynoxinul (Abyss:1)
  3 wyverns
  2 shadows
  13 wraiths
  A water elemental (Shoals:1)
  3 basilisks
  48 yaks
  16 fire bats (D:14)
  3 golden eyes (Abyss:2)
  10 humans (D:14)
  A chaos spawn (Abyss:2)
  4 steam dragons
  3 neqoxecs
  2 death yak simulacra (IceCv)
  8 vampire mosquitoes
  7 wargs
  5 acid dragons
  10 water moccasins
  2 hydra simulacra (IceCv)
  2 large abominations
  An ice beast (D:6)
  5 black bears
  9 ogres
  20 orc warriors
  29 wolves
  9 centaurs
  5 kobold brigands
  A phantom (D:6)
  2 necrophages (D:5)
  16 bullfrogs
  A gnoll sergeant (D:8)
  9 small abominations
  A cane toad simulacrum (IceCv)
  A scorpion (D:5)
  3 wights (D:8)
  30 killer bees
  2 howler monkeys
  An elephant simulacrum (Lair:4)
  2 crimson imps (Abyss:2)
  13 jellies
  7 hounds
  32 orc priests
  A gnoll bouda (D:5)
  4 iguanas
  40 orc wizards
  3 polar bear simulacra
  A wolf simulacrum (Lair:4)
  9 gnolls (D:5)
  6 river rats
  11 adders
  A shadow imp (D:7)
  2 white imps
  2 ufetubi
  3 worms
  4 dart slugs
  84 orcs
  6 ball pythons
  45 bats
  8 endoplasms
  8 giant cockroaches
  5 hobgoblins
  15 kobolds
  3 quokkas
  A frilled lizard (D:2)
  9 goblins
  5 rats
  2 butterflies
872 creatures vanquished.

Vanquished Creatures (others)
  A minotaur (Gauntlet)
  A hydra (D:13)
  A cyclops (D:14)
  An elephant (Lair:3)
  A cane toad (Lair:1)
  2 komodo dragons
  A freezing wraith (D:14)
  A wyvern (Lair:5)
  A golden eye (shapeshifter) (Abyss:2)
  An acid dragon (D:11)
  An orc warrior (Orc:2)
  An ogre (D:12)
  A wight (D:8)
  2 killer bees (Lair:2)
  An orc wizard (Orc:2)
  A polar bear simulacrum (IceCv)
  3 orcs (Orc:1)
  11 demonic plants (Gauntlet)
  16 fungi
  37 plants
85 creatures vanquished.

Grand Total: 957 creatures vanquished

Notes
Turn   | Place    | Note
-------+----------+-------------------------------------------
     0 | D:1      | wilfster70 the Minotaur Fighter began the quest for the
                  | Orb.
     0 | D:1      | Reached XP level 1. HP: 19/19 MP: 0/0
    36 | D:1      | Identified a scroll of acquirement
    36 | D:1      | Acquired a ring of protection from fire
    68 | D:1      | Reached XP level 2. HP: 25/27 MP: 1/1
   140 | D:1      | Acquired a +5 trident of protection
   775 | D:2      | Reached skill level 4 in Fighting
   775 | D:2      | Reached XP level 3. HP: 30/33 MP: 2/2
  1066 | D:2      | Found a faded altar of an unknown god.
  1146 | D:3      | Reached XP level 4. HP: 38/40 MP: 3/3
  1226 | D:3      | Found a glowing drain.
  1259 | Sewer    | Entered a sewer
  1285 | Sewer    | Reached XP level 5. HP: 47/47 MP: 4/4
  1306 | Sewer    | Acquired the amulet of Zoileng {rF+++ Regen+ Str-5 Dex-4
                  | Slay+6}
  1395 | Sewer    | Reached skill level 5 in Polearms
  1395 | Sewer    | Reached skill level 5 in Armour
  1412 | Sewer    | Reached skill level 5 in Fighting
  1528 | Sewer    | Reached XP level 6. HP: 49/56 MP: 5/5
  1739 | D:3      | Found an ornate altar of the Wu Jian Council.
  1994 | D:3      | Found an ancient bone altar of Kikubaaqudgha.
  2015 | D:3      | Found a shimmering blue altar of Sif Muna.
  2151 | D:3      | Found an opulent altar of Gozag.
  2158 | D:3      | Found a burning altar of Makhleb.
  2434 | D:4      | Found a bloodstained altar of Trog.
  2626 | D:4      | Found a sacrificial altar of Ru.
  2667 | D:4      | Became a worshipper of Ru the Awakened
  2682 | D:4      | Reached XP level 7. HP: 60/62 MP: 6/6
  2913 | D:5      | Entered Level 5 of the Dungeon
  2927 | D:5      | Reached skill level 6 in Fighting
  3089 | D:5      | Reached XP level 8. HP: 71/71 MP: 7/7
  3097 | D:5      | Found a shadowy altar of Dithmenos.
  3530 | D:5      | Found a sparkling altar of Nemelex Xobeh.
  3695 | D:6      | Reached skill level 7 in Fighting
  3934 | D:6      | Gained mutation: You are frail. (-10% HP) [Ru sacrifice]
  3934 | D:6      | Reached * piety under Ru
  4103 | D:6      | Reached skill level 10 in Polearms
  4403 | D:7      | Noticed Joseph
  4543 | D:7      | Reached XP level 9. HP: 72/72 MP: 8/8
  4556 | D:7      | Reached skill level 8 in Fighting
  4611 | D:7      | Killed Joseph
  4981 | D:7      | Found a staircase to the Ecumenical Temple.
  5381 | D:8      | Found a broken altar of Ashenzari.
  5549 | D:8      | Found a faded altar of an unknown god.
  5549 | D:8      | Found a hazy altar of Hepliaklqana.
  5674 | D:8      | Paralysed by a hornet for 1 turns
  5675 | D:8      | Reached skill level 9 in Fighting
  6349 | D:9      | Reached XP level 10. HP: 70/81 MP: 9/9
  6362 | D:9      | Gained mutation: You are hated by all. [Ru sacrifice]
  6362 | D:9      | Reached ** piety under Ru
  6362 | D:9      | Reached *** piety under Ru
  6437 | D:9      | Reached skill level 5 in Shields
  6679 | D:9      | Found a glowing golden altar of the Shining One.
  7008 | D:9      | Found a white marble altar of Elyvilon.
  7031 | D:10     | Entered Level 10 of the Dungeon
  7038 | D:10     | Noticed a cyclops
  7049 | D:10     | Killed a cyclops
  7058 | D:10     | Found the +3 crown of Dyrovepreva {rElec Int+2 SInv}
  7237 | D:10     | Reached skill level 10 in Fighting
  7323 | D:10     | Noticed a two-headed ogre
  7342 | D:10     | Killed a two-headed ogre
  7466 | D:10     | Found a portal to a secret trove of treasure.
  7558 | D:10     | Noticed Josephine
  7572 | D:10     | Killed Josephine
  7586 | D:10     | Reached XP level 11. HP: 70/90 MP: 10/10
  7592 | D:10     | Reached skill level 11 in Fighting
  7642 | D:10     | Noticed a two-headed ogre
  7650 | D:10     | Killed a two-headed ogre
  7921 | D:11     | Found a staircase to the Lair.
  7922 | D:11     | Noticed an oklob plant
  7945 | D:11     | Killed an oklob plant
  8008 | D:11     | Reached skill level 10 in Shields
  8108 | D:11     | Noticed a two-headed ogre
  8111 | D:11     | Noticed a two-headed ogre
  8115 | D:11     | Killed a two-headed ogre
  8121 | D:11     | Killed a two-headed ogre
  8122 | D:11     | Reached skill level 12 in Fighting
  8436 | D:11     | Found a staircase to the Orcish Mines.
  8522 | D:11     | Noticed a sun demon
  8573 | D:11     | Gained mutation: You are slightly weak-willed. (Will-) [Ru
                  | sacrifice]
  8573 | D:11     | Reached **** piety under Ru
  8671 | D:11     | Noticed a white ugly thing
  8688 | D:11     | Killed a white ugly thing
  9116 | D:11     | Noticed a two-headed ogre
  9122 | D:11     | Killed a two-headed ogre
  9123 | D:11     | Reached XP level 12. HP: 100/101 MP: 11/11
  9217 | D:12     | Noticed Sonja
  9227 | Abyss:1  | Cast into level 1 of the Abyss (Sonja)
  9294 | Abyss:1  | Noticed a tentacled monstrosity
  9311 | Abyss:1  | Reached skill level 13 in Fighting
  9361 | Abyss:1  | Noticed a rakshasa
  9378 | Abyss:1  | Killed a rakshasa
  9392 | Abyss:1  | Noticed a bone dragon
  9434 | Abyss:1  | Noticed an angel
  9481 | Abyss:1  | HP: 1/103 [angel/+1 whip of holy wrath (9)]
  9494 | Abyss:1  | Killed an angel
  9544 | Abyss:1  | Noticed a starcursed mass
  9625 | Abyss:1  | Found a corrupted altar of Lugonu.
  9633 | Abyss:1  | Found a corrupted altar of Lugonu.
  9633 | Abyss:1  | Found a corrupted altar of Lugonu.
  9654 | Abyss:1  | Noticed a starcursed mass
  9683 | Abyss:1  | Killed a starcursed mass
  9693 | D:12     | Escaped the Abyss
  9696 | D:12     | Killed Sonja
  9987 | D:12     | Noticed Lodul
  9988 | D:12     | Noticed a catoblepas
  9999 | D:12     | Killed Lodul
 10010 | D:12     | Killed a catoblepas
 10068 | D:12     | Found Dusokoj's Assorted Antiques.
 10116 | D:12     | Noticed a boulder beetle
 10124 | D:12     | Reached skill level 14 in Fighting
 10138 | D:12     | Killed a boulder beetle
 10290 | D:12     | Reached skill level 15 in Shields
 10314 | D:12     | Found Tiqear's Weapon Shop.
 10368 | D:12     | Found Oveakase's Distillery.
 10376 | D:12     | Bought a potion of curing for 48 gold pieces
 10376 | D:12     | Bought 2 potions of curing for 96 gold pieces
 10417 | D:12     | Found Zauvanna's Assorted Antiques.
 10430 | D:12     | Bought a scroll labelled OPEEZI VE BUBO for 30 gold pieces
 10430 | D:12     | Bought a scroll labelled XORCHU LAGROF for 30 gold pieces
 10430 | D:12     | Bought a scroll labelled XORCHU LAGROF for 30 gold pieces
 10430 | D:12     | Bought a scroll labelled JISKAPTOFIOB for 30 gold pieces
 10430 | D:12     | Bought a scroll labelled OPEEZI VE BUBO for 30 gold pieces
 10472 | D:12     | Gained mutation: You cannot study or cast Ice magic. [Ru
                  | sacrifice]
 10472 | D:12     | Gained mutation: You cannot study or cast Hexes magic. [Ru
                  | sacrifice]
 10472 | D:12     | Gained mutation: You cannot study or cast Conjurations
                  | magic. [Ru sacrifice]
 10472 | D:12     | Reached ***** piety under Ru
 10513 | D:12     | Noticed Psyche
 10521 | D:12     | Killed Psyche
 10665 | D:13     | Noticed a seven-headed hydra
 10668 | D:13     | Killed a seven-headed hydra
 10669 | D:13     | Noticed a boulder beetle
 10686 | D:13     | Killed a boulder beetle
 10687 | D:13     | Reached skill level 15 in Fighting
 10697 | D:13     | Noticed a tengu warrior
 10697 | D:13     | Noticed a tengu warrior
 10710 | D:13     | Killed a tengu warrior
 10722 | D:13     | Killed a tengu warrior
 10775 | D:13     | Reached XP level 13. HP: 114/114 MP: 12/12
 10882 | D:13     | Noticed Frances
 11027 | Lair:1   | Entered Level 1 of the Lair of Beasts
 11188 | Lair:1   | Noticed Urug
 11203 | Lair:1   | Killed Urug
 11255 | Lair:1   | Reached skill level 16 in Fighting
 11352 | Lair:1   | Noticed Amaemon
 11366 | Lair:1   | Killed Amaemon
 11607 | Lair:1   | Reached skill level 17 in Fighting
 12064 | Lair:2   | Noticed Nergalle
 12084 | Lair:2   | Killed Nergalle
 12220 | Lair:2   | Reached skill level 18 in Fighting
 12883 | Lair:3   | Found a staircase to the Shoals.
 12914 | Lair:3   | Noticed Gastronok
 12929 | Lair:3   | Killed Gastronok
 13163 | Lair:3   | Reached skill level 19 in Fighting
 13269 | Lair:3   | Noticed Fannar
 13313 | Lair:3   | Killed Fannar
 13314 | Lair:3   | Reached XP level 14. HP: 114/132 MP: 13/13
 13566 | Lair:3   | Found a hole to the Spider Nest.
 14011 | Lair:4   | Reached skill level 1 in Dodging
 14017 | Lair:4   | Found a frozen archway.
 14033 | IceCv    | Entered an ice cave
 14105 | IceCv    | Identified the +2 helmet of Infinity {rPois Regen+ SInv
                  | Stlth-}
 14514 | Lair:4   | Reached skill level 20 in Fighting
 14866 | Lair:4   | Noticed Snorg
 14882 | Lair:4   | Killed Snorg
 15219 | Lair:4   | Reached skill level 10 in Armour
 15596 | Lair:5   | Entered Level 5 of the Lair of Beasts
 15609 | Lair:4   | Reached skill level 5 in Dodging
 15985 | Lair:5   | Found a staircase to the Slime Pits.
 16518 | Lair:5   | Identified the amulet of Desertification {Spirit +Blink
                  | rElec rPois rC+}
 16529 | Lair:5   | Identified the +7 trident of Extinguishment {vamp, Will+
                  | Dex+6}
 16533 | Lair:5   | Acquired a manual of Shields
 16680 | Lair:5   | Reached skill level 1 in Throwing
 16680 | Lair:5   | Reached skill level 1 in Evocations
 16695 | Lair:5   | Reached XP level 15. HP: 139/139 MP: 14/14
 16704 | Lair:5   | Acquired a manual of Poison Magic
 17419 | D:13     | Killed Frances
 17562 | D:13     | Gained mutation: Your casting is slightly disrupted. [Ru
                  | sacrifice]
 17898 | D:14     | Identified the ring "Noxuceh" {Wiz Int+4}
 17935 | D:14     | Noticed Jorgrun
 17954 | D:14     | Killed Jorgrun
 18129 | D:14     | Found a gate to the Vaults.
 18188 | D:14     | Identified the amulet of Beogh's Outrage {+Inv Regen+ rCorr
                  | Stlth-}
 18289 | D:14     | Found a runed translucent door.
 18308 | D:14     | Found a white marble altar of Elyvilon.
 18355 | D:14     | Found a stormy altar of Qazlal.
 18433 | D:14     | Found a radiant altar of Vehumet.
 18474 | D:14     | Found a white marble altar of Elyvilon.
 18525 | D:14     | Found a stormy altar of Qazlal.
 18762 | D:14     | Reached skill level 5 in Throwing
 19371 | D:15     | Entered Level 15 of the Dungeon
 19447 | D:15     | Found a gate leading to a gauntlet.
 19474 | Gauntlet | Entered a Gauntlet
 19474 | Gauntlet | Found a transporter.
 19474 | Gauntlet | Found a transporter.
 19505 | Gauntlet | Found a transporter.
 19506 | Gauntlet | Found a transporter.
 19508 | Gauntlet | Gained mutation: You cannot be stealthy. [Ru sacrifice]
 19508 | Gauntlet | Reached ****** piety under Ru
 19518 | Gauntlet | Identified the ring "Ginwashu" {rPois rC+ Will+}
 19533 | Gauntlet | Found a transporter.
 19574 | Gauntlet | Identified the +5 war axe of the Lesser Evil {drain, *Slow
                  | rN++ Dex+6}
 19574 | Gauntlet | Identified the ring "Jahosoff" {rPois EV+4}
 19936 | D:15     | Reached skill level 5 in Evocations
 20102 | D:15     | Found a staircase to the Depths.
 20721 | Orc:1    | Entered Level 1 of the Orcish Mines
 21104 | Orc:2    | Entered Level 2 of the Orcish Mines
 21104 | Orc:2    | Noticed Rupert
 21113 | Orc:2    | Killed Rupert
 21180 | Orc:2    | Found a staircase to the Elven Halls.
 21496 | Orc:2    | Reached XP level 16. HP: 82/146 MP: 15/15
 21674 | Orc:2    | Found Jyecroadwy's Magic Scroll Boutique.
 21674 | Orc:2    | Found Noshirua's Armour Shop.
 21675 | Orc:2    | Found Xuacyej's Weapon Shop.
 21684 | Orc:2    | Found Ukky's Book Boutique.
 22069 | Shoals:1 | Entered Level 1 of the Shoals
 22337 | Shoals:1 | Upgraded the game from 0.30-a0-122-g2a1322497e to
                  | 0.30-a0-123-g91d0c66ccf
 22549 | Shoals:1 | Noticed Louise
 22581 | Abyss:2  | Cast into level 2 of the Abyss (Louise)
 22614 | Abyss:2  | Noticed an Executioner
 22844 | Abyss:2  | Paralysed by you for 5 turns
 23228 | Shoals:1 | Escaped the Abyss
 23241 | Shoals:1 | Killed Louise
 23906 | Shoals:2 | Noticed a kraken
 23922 | Shoals:2 | Slain by a kraken

Illustrated notes

Levels and vault maps discovered:
D:1:      evilmike_arrival_plus, layout_rooms
D:2:      minmay_evil_eye, layout_loops_ring, ebering_ecumenical_altar_box
D:3:      layout_basic, palyth_temple_overflow_mages, nzn_wu_jian_contemplation,
          amethyst_overflow_temple_binary, portal_sewer_entry_c
D:4:      layout_basic, trog_book, nicolae_ru_great_annihilating_truth
D:5:      layout_loops_ring, nicolae_dithmenos_the_darkroom,
          overflow_temple_1_default
D:6:      layout_basic
D:7:      layout_loops_ring, minmay_temple_entry_poolview, uniq_joseph
D:8:      layout_loops_ring, mainiacjoe_overflow_cross_hatched,
          beargit_hepliaklqana_dungeon_heroes, grunt_ministairs_7,
          dk_noncrumbling_4
D:9:      layout_roguey, mainiacjoe_overflow_paths,
          nicolae_elyvilon_peaceful_grove
D:10:     layout_basic, nicolae_trove_entry_crossroad, pond, uniq_josephine
D:11:     layout_basic, dpeg_oklobed_lair, erik_orc_3
D:12:     layout_irregular_city, serial_shops, nicolae_shop_advertising_works
          [nicolae_subvault_shop_adworks], nicolae_shop_bloodbath_and_beyond,
          nicolae_shop_trees, nicolae_square_shop, uniq_psyche, uniq_sonja,
          uniq_lodul
D:13:     layout_loops_ring, uniq_frances
D:14:     due_megacathedral, layout_small_grid, ximxim_vaults_locker_room,
          minivault_25, uniq_jorgrun
D:15:     grunt_enter_depths_hoard, layout_irregular_city,
          hangedman_abyss_or_decor_passed, gauntlet_entry_generic
Lair:1:   layout_long_grid, nzn_random_ring, lemuel_fruit_fields,
          serial_bayou_shore_a, uniq_urug, uniq_amaemon
Lair:2:   layout_roguey [special_room_bee], minivault_26, uniq_nergalle
Lair:3:   layout_regular_city, elwin_shoals_entry_rocks,
          nicolae_spider_entry_tight_spaces, uniq_fannar, uniq_gastronok
Lair:4:   nzn_winding_woodlands_medium [nzn_winding_woodlands_5x5_default,
          nzn_winding_woodlands_5x15_concentric,
          nzn_winding_woodlands_5x5_default, nzn_winding_woodlands_5x5_three,
          nzn_winding_woodlands_center_diamonds,
          nzn_winding_woodlands_5x5_closed_star,
          nzn_winding_woodlands_5x5_default, nzn_winding_woodlands_5x15_eye,
          nzn_winding_woodlands_5x5_default], layout_cave_shapes,
          portal_ice_cave_entry_ice_simulacra, uniq_snorg
Lair:5:   gammafunk_lair_ancient_temple, layout_big_grid,
          minmay_slime_entry_jelly_boxes, small_statue_intersection,
          minmay_stone_trees_large
Shoals:1: layout_shoals, uniq_louise
Shoals:2: layout_shoals, nicolae_shoals_land_atoll
Orc:1:    layout_caves
Orc:2:    st_orc_mages, layout_caves, uniq_rupert

Skill      XL: |  1  2  3  4  5  6  7  8  9 10 11 12 13 14 15 16 |
---------------+-------------------------------------------------+-----
Polearms       | 3 4 5 6 8 10 12 14 | 14.0
Fighting       | 4 5 6 7 9 10 12 15 19 20 | 20.2
Armour         | 4 5 6 7 8 12 14 | 14.6
Shields        | 4 7 12 15 17 | 17.6
Dodging        | 8 |  8.0
Throwing       | 1 7 8 |  8.0
Evocations     | 1 5 8 |  8.3

Action                   |  1- 3 |  4- 6 |  7- 9 | 10-12 | 13-15 | 16-18 || total
-------------------------+-------+-------+-------+-------+-------+-------++-------
Melee: Trident           |    61 |   144 |   247 |   628 |  1661 |   372 ||  3113
       Headbutt          |     7 |     9 |    30 |   135 |   423 |    71 ||   675
       Unarmed           |       |       |       |       |     2 |       ||     2
Invok: Sacrifice Health  |       |       |     1 |       |       |       ||     1
       Sacrifice Love    |       |       |       |     1 |       |       ||     1
       Sacrifice Essence |       |       |       |     1 |     1 |       ||     2
       Sacrifice Arcana  |       |       |       |     1 |       |       ||     1
       Reject Sacrifices |       |       |       |       |     1 |       ||     1
       Apocalypse        |       |       |       |       |     1 |     3 ||     4
       Sacrifice Stealth |       |       |       |       |     1 |       ||     1
Evoke: Wand              |       |       |       |     1 |     1 |     2 ||     4
  Use: Scroll            |     3 |     1 |     6 |     9 |    27 |     2 ||    48
       Potion            |       |       |       |     2 |     2 |     1 ||     5
 Stab: Paralysed         |       |     1 |       |     2 |     4 |     4 ||    11
       Petrified         |       |       |       |     6 |     4 |       ||    10
       Invisible         |       |       |       |     1 |    16 |     2 ||    19
       Distracted        |       |       |       |       |     3 |     1 ||     4
       Petrifying        |       |       |       |       |     1 |       ||     1
Armor: Scale mail        |    20 |     3 |       |       |       |       ||    23
       Plate armour      |       |    78 |   103 |   188 |   664 |       ||  1033
       Ice dragon scales |       |       |       |       |    67 |    82 ||   149
Dodge: Dodged            |    12 |    13 |    33 |    52 |   297 |    63 ||   470
Block: Buckler           |    14 |    21 |    33 |       |       |       ||    68
       Kite shield       |       |       |    13 |   156 |   483 |       ||   652
       Tower shield      |       |       |       |       |   466 |   214 ||   680
       Reflection        |       |       |       |       |    34 |    17 ||    51

Table legend: (Time is in decaauts)
 A = Elapsed time spent in this place.
 B = Non-inter-level travel time spent in this place.
 C = Inter-level travel time spent in this place.
 D = Time resting spent in this place.
 E = Time spent auto-exploring this place.
 F = Levels seen in this place.
 G = Mean time per level.
                   A        B        C        D        E       F      G
               +--------+--------+--------+--------+--------+-----+--------+
         Total |  23418 |  22295 |   1123 |   2647 |  10645 |  30 |  780.6 |
       Dungeon |  13503 |  12750 |    753 |   1428 |   6872 |  15 |  900.2 |
          Lair |   5496 |   5205 |    291 |    528 |   2808 |   5 | 1099.2 |
        Shoals |   1165 |   1153 |     12 |    217 |    247 |   2 |  582.5 |
  Orcish Mines |   1192 |   1127 |     65 |    139 |    550 |   2 |  596.0 |
         Abyss |   1056 |   1056 |      0 |     83 |     87 |   3 |  352.0 |
         Sewer |    415 |    415 |      0 |      0 |     79 |   1 |  415.0 |
      Ice Cave |    441 |    441 |      0 |    251 |      0 |   1 |  441.0 |
      Gauntlet |    146 |    146 |      0 |      0 |      0 |   1 |  146.0 |
               +--------+--------+--------+--------+--------+-----+--------+

Top non-repeatable levels by time:
    D:11: 1721 daAuts
  Lair:4: 1593 daAuts
    D:14: 1110 daAuts
  Lair:3: 1085 daAuts
    D:12: 1082 daAuts
    D:15: 1081 daAuts
  Lair:1: 1044 daAuts
    D:13: 995 daAuts
     D:8: 948 daAuts
     D:9: 940 daAuts
  Lair:5: 911 daAuts
     D:3: 866 daAuts
  Lair:2: 861 daAuts
    D:10: 826 daAuts
     D:7: 815 daAuts
